 Dungeon Crawl Stone Soup version 0.30-a0-358-g0d69a1922f (webtiles) character file.

Game seed: 2866618550184327844

369 snetch the Chopper (level 6, -4/82 HPs)
             Began as a Minotaur Berserker on Nov 9, 2022.
             Was a Believer of Trog.
             Killed from afar by an orc wizard (8 damage)
             ... with a puff of flame
             ... on level 4 of the Dungeon.
             The game lasted 00:05:30 (1389 turns).

snetch the Chopper (Minotaur Berserker)             Turns: 1389, Time: 00:05:30

Health: -4/82      AC:  7    Str: 23    XL:     6   Next: 41%
Magic:  5/5        EV: 11    Int:  4    God:    Trog [**....]
Gold:   146        SH:  0    Dex: 16    Spells: 5/5 levels left

rFire   . . .      SeeInvis .    a - +0 hand axe
rCold   . . .      Faith    .    (no shield)
rNeg    . . .      Spirit   .    d - +0 scale mail
rPois   .          Reflect  .    (helmet restricted)
rElec   .          Harm     .    (no cloak)
rCorr   .          Rampage  .    (no gloves)
Will    .....                    (no boots)
Stlth   ..........               (no amulet)
HPRegen 0.33/turn                g - +6 ring of dexterity
MPRegen 0.09/turn                l - ring of flight

@: berserking (expiring), lethally poisoned (-4 -> -9), flying, very quick
A: horns 2, retaliatory headbutt
a: Renounce Religion, Berserk, Trog's Hand


You were on level 4 of the Dungeon.
You worshipped Trog.
Trog was pleased with you.
You visited 1 branch of the dungeon, and saw 4 of its levels.
You visited the Abyss 1 time.

You collected 146 gold pieces.

Inventory:

Hand Weapons
 a - a +0 hand axe (weapon)
 m - a +1 hand axe of distortion
 o - a +0 war axe
 q - a +0 war axe
Missiles
 c - 30 stones (quivered)
Armour
 d - a +0 scale mail (worn)
Jewellery
 g - a +6 ring of dexterity (left hand)
 l - a ring of flight (right hand)
Scrolls
 h - 3 scrolls of identify {unknown}
 i - 2 scrolls of enchant weapon {unknown}
 j - 2 scrolls of immolation {unknown}
 r - a scroll of noise {unknown}
Potions
 b - 3 potions of might {unknown}
 e - 2 potions of degeneration {unknown}
 f - 2 potions of curing {unknown}
 k - a potion of resistance {unknown}
 n - a potion of brilliance {unknown}
 p - a potion of heal wounds {unknown}


   Skills:
 + Level 4.8 Fighting
 + Level 6.3 Axes
 + Level 4.5 Armour
 + Level 3.6 Dodging
 + Level 0.1 Stealth


You had 5 spell levels left.
You didn't know any spells.
Your spell library contained the following spells:

 Spells                   Type           Power      Damage    Failure   Level
 Apportation              Tloc           0%         N/A       80%         1
 Hailstorm                Conj/Ice       0%         3d3       99%         3
 Ice Form                 Ice/Tmut       0%         N/A       100%        4
 Alistair's Intoxication  Tmut/Pois      0%         N/A       100%        5
 Simulacrum               Ice/Necr       0%         N/A       100%        6


Dungeon Overview and Level Annotations

Branches:
Dungeon (4/15)
 Temple: D:4-7

Altars:
Fedhas
The Shining One

Shops:
D:1 [

Annotations:
D:3 1 runed translucent door


Innate Abilities, Weirdness & Mutations

You have a pair of horns on your head.
You reflexively headbutt those who attack you in melee.


Message History

* * * LOW HITPOINT WARNING * * *
Something hits you but does no damage.
The orc hits you with a +1 short sword of venom.
* * * LOW HITPOINT WARNING * * *
You are lethally poisoned!
The orc hits you but does no damage.
You closely miss the orc.
The orc is severely wounded.
You slash the orc wizard!
You kill the orc wizard!
Trog accepts your kill.
Trog appreciates your killing of a magic user.
You slash the orc!
You kill the orc!
Trog accepts your kill.
You miss something.
* * * LOW HITPOINT WARNING * * *
You feel sick. The orc hits you but does no damage. Something hits you.
* * * LOW HITPOINT WARNING * * *
You slash the orc!
You kill the orc!
Trog accepts your kill.
You hit something.
* * * LOW HITPOINT WARNING * * *
You feel sick.
Unknown command.
You are too berserk!
* * * LOW HITPOINT WARNING * * *
You feel sick.
You feel a strong urge to attack something.
* * * LOW HITPOINT WARNING * * *
You feel sick.
You are too berserk!
Unknown command.
Okay, then.
* * * LOW HITPOINT WARNING * * *
You feel sick.
A puff of flame appears from out of thin air!
The puff of flame hits you!
You die...

###+###########+##.
#..................
#..................
#......<@..))......
#...........)......
#..........{.......
###+##..######..##.
#..# ## .....
...... .......
......


There were no monsters in sight!

Vanquished Creatures
  A small abomination (Abyss:1)
  Blork the orc (D:4)
  An orc priest (D:4)
  An iron imp (Abyss:1)
  An orc wizard (D:4)
  An adder (D:4)
  A worm (D:3)
  8 dart slugs
  6 orcs
  2 endoplasms
  2 giant cockroaches
  2 goblins (D:1)
  4 hobgoblins
  6 kobolds
  2 quokkas
  2 ball pythons
  4 bats
  8 rats
53 creatures vanquished.

Notes
Turn   | Place    | Note
-------+----------+-------------------------------------------
     0 | D:1      | snetch the Minotaur Berserker began the quest for the Orb.
     0 | D:1      | Reached XP level 1. HP: 19/19 MP: 0/0
    60 | D:1      | Found a faded altar of an unknown god.
   342 | D:1      | Reached skill level 4 in Axes
   363 | D:1      | Reached XP level 2. HP: 27/27 MP: 1/1
   429 | D:1      | Found Koerr's Armour Shop.
   767 | D:3      | Reached XP level 3. HP: 33/33 MP: 2/2
   811 | D:2      | Reached ** piety under Trog
   821 | D:3      | Found a runed translucent door.
   934 | D:2      | You are sucked into a shaft and drop 2 floors!
   938 | D:4      | Noticed Blork the orc
   946 | D:4      | Killed Blork the orc
   947 | D:4      | Reached XP level 4. HP: 41/41 MP: 3/3
   967 | Abyss:1  | Cast into level 1 of the Abyss (orc)
  1011 | Abyss:1  | Reached skill level 5 in Axes
  1011 | Abyss:1  | Reached XP level 5. HP: 46/47 MP: 4/4
  1086 | Abyss:1  | Noticed a small abomination
  1092 | Abyss:1  | Killed a small abomination
  1093 | Abyss:1  | Reached skill level 6 in Axes
  1093 | Abyss:1  | Reached XP level 6. HP: 44/53 MP: 5/5
  1095 | D:4      | Escaped the Abyss
  1230 | D:3      | Found a glowing golden altar of the Shining One.
  1240 | D:3      | Found a blossoming altar of Fedhas.
  1389 | D:4      | HP: 4/82 [poisoned by an orc]
  1389 | D:4      | Killed from afar by an orc wizard

Illustrated notes

Levels and vault maps discovered:
D:1:      dpeg_arrival_windows_large_door, layout_loops_ring,
          shapermc_ecumenical_altar_venn, serial_shops, nicolae_shop_trees,
          minmay_misc_feat_tiny, chequers_serial_rivers_large_b, minivault_14,
          minivault_23
D:2:      layout_basic
D:3:      layout_loops_ring, mainiacjoe_overflow_boulevard,
          lemuel_crystal_altar, ebering_ghost_reflecting_pool,
          minmay_splitting_lines, minmay_unequal
D:4:      kennysheep_slugbush, layout_gridville, minmay_temple_entry_junction,
          kennysheep_generic_room_5, uniq_blork_the_orc

Skill      XL: |  1  2  3  4  5 |
---------------+----------------+-----
Axes           | 4 5 6 |  6.3
Fighting       | 4 |  4.8
Armour         | 3 4 |  4.5
Dodging        | 3 |  3.6
Stealth        | |  0.1

Action                   |  1- 3 |  4- 6 || total
-------------------------+-------+-------++-------
Melee: Hand axe          |    59 |    32 ||    91
       Headbutt          |    11 |     9 ||    20
Invok: Berserk           |     1 |     2 ||     3
Armor: Animal skin       |     6 |       ||     6
       Scale mail        |    20 |    15 ||    35
Dodge: Dodged            |    33 |    22 ||    55

Table legend: (Time is in decaauts)
 A = Elapsed time spent in this place.
 B = Non-inter-level travel time spent in this place.
 C = Inter-level travel time spent in this place.
 D = Time resting spent in this place.
 E = Time spent auto-exploring this place.
 F = Levels seen in this place.
 G = Mean time per level.
                   A        B        C        D        E       F      G
               +--------+--------+--------+--------+--------+-----+--------+
         Total |   1435 |   1420 |     15 |     37 |    851 |   5 |  287.0 |
       Dungeon |   1305 |   1290 |     15 |      0 |    776 |   4 |  326.2 |
         Abyss |    129 |    129 |      0 |     37 |     75 |   1 |  129.0 |
               +--------+--------+--------+--------+--------+-----+--------+

Top non-repeatable levels by time:
     D:1: 730 daAuts
     D:3: 239 daAuts
     D:4: 173 daAuts
     D:2: 162 daAuts
 Abyss:1: 129 daAuts
